Workbook

Sheet Affiliate Matrix
B1: Meeting Expectations | C1: Exceeds Expectations | D1: Excellence | E1: Notes & Evidence | F1: Assessment
A2: BOARD
A3: Board Information | B3: Provides orientation for all new board members. | C3: Assigns each member a defined role and select a committee chair. | D3: Assigns each member to a committee with defined roles.
A4: Expectations | B4: Maintains clear written expectations of board responsibilities and database compliance, including Regional Director/Operations. | C4: Holds annual review of board expectations and align with affiliate plan. | D4: Reviews individual board members and their roles to assure it aligns with affiliate plan.
A5: Conflict of Interest Documentation | B5: Provides Conflict of Interest documentation. | C5: Signs Conflict of Interest documentation. | D5: Updates regularly Conflict of Interest documentation.
A6: Program Documentation | B6: Provides financial and program documents at board meetings. | C6: Establishes a system for tracking, storing, and destroying documentation. | D6: Maintains board portal with all available materials, reviewing annually.
A7: By-laws Documentation | B7: Provides a copy of approved by-laws. | C7: Reviews by-laws when needed. | D7: Reviews, updates, and files by-laws at least every 3 years.
A8: Members | B8: Determines at least 4 officers, 1 database admin, 1 mentor liaison, treasurer, and 3 other members. | C8: Draws from all ACE industry areas and reflects demographic diversity. | D8: Includes key people from non-industry organizations (e.g. school systems, colleges, and other important community groups).
A9: Meetings & Roles | B9: Attends meetings and participate according to by-laws. | C9: Engages firm in participation in ACE programming. | D9: Creates and implements a succession plan.
A10: Strategic Plan | B10: Reviews the Maturity Matrix and set goals. | C10: Creates a strategic plan and compile evidence. | D10: Reviews strategic plan and data each year and makes adjustments to goals, creating a new strategic plan every 5 years.
A11: Members List | B11: Provides board member list on affiliate website and uploaded in database. | C11: Uploads member list on website and database periodically. | D11: Maintains accurate member list on website and database at all times.
A12: BOARD ADMINISTRATION
A13: Admin/Staff | B13: Designates an adminstrator/mentor liaison and determine how administrative functions are coordinated and assigned. | C13: Maintains a clear plan and process for all administrative functions, including partnerships for volunteer administrative support. | D13: Hires part/full-time staff.
A14: Database | B14: Registers all mentors, students, and board members in the national database with respective requirements completed (i.e. background checks, parent consent forms, status updates with no pending participants), referring to database administrator guide regularly. | C14: Establishes a plan to notify mentors and students, upon registration, with instructions for next steps and expectations. | D14: Utilizes and updates the database to maintain regions, teams, guest speakers, attendance, and assign team leaders for tracking purposes and compliance, while also delegating and maintaining database access.
A15: Communications | B15: Communicates regularly with the board and volunteers. | C15: Regular and consistent communication with board, mentors, parents/guardians, and students. | D15: Produces an annual report or newsletter and oversee communication/outreach for affiliate and student events plus local opportunities.
A16: Compliance | B16: Fulfills all annual compliance requirements, completing the Program Report and pay all invoices by due date. | C16: Uploads up-to-date compliance documents to the affiliate profile in National database with board list updated. | D16: Maintains accurate database records at all times.
A17: Social Media | B17: Establishes social media account(s), assign a person to oversee and monitor all accounts, and follow National accounts. | C17: Posts, shares, tags, announces, and implements a social media plan, while participating in all ACE National social media campaigns. | D17: Maintains consistent social media presence and review social media plan/calendar annually, providing content to ACE National.
A18: National Webinars & Meetings | B18: Participates in mandatory national webinars & trainings and attend annual regional/all affiliate meetings. | C18: Participates in optional, supplemental webinars and trainings. | D18: Presents at annual regional/all affiliates meetings, and presents at local conferences/industry events, collaborating with local universities/colleges and building relationships w/ local industry organizations (smps, AGC, NOMA, etc.).
A19: BOARD COMMITTEES
A20: Committee Types | B20: Maintain at least an executive, financial, and nomination committee. | C20: Provide additional committees including fundraising and student committees. | D20: Add an alumni, mentor, HS externships, or other committees.
A21: Committee Goals | B21: Meet as individual committees. | C21: Determine committee goals. | D21: Create strategic steps to accomplish goals.
A22: BOARD OR COMMITTEE MEMBERS
A23: BUDGET & FUNDRAISING
A24: Financial | B24: Maintain a treasurer as an officer on the board and establish budget. | C24: Expand financial committee that sets financial policies and procedures. | D24: Oversee financial policies and procedures, designating a CPA/Accountant as treasurer.
A25: Financial Documentation | B25: File 990 tax returns regularly, renew charitable registration, state annual report, and send profit & loss balance statements to National. | C25: Monitor financial documentation for compliance. Financial updates given at each board meeting and documented in meeting minutes. | D25: Maintain financial documentation for compliance at all times in Quickbooks or similar accounting software (not Excel).
A26: Financial Accountability | B26: Establish internal system of financial checks and balances divided among different individuals to prevent possible fraud. | C26: Perform informal audit having checks and balances with multiple signatures at banking level. | D26: Engage outside firm for formal annual audit.
A27: Fundraising | B27: Create a reliable stream of contributions to cover costs and provide scholarships. | C27: Establish a fundraising and donor strategy, including grants. | D27: Evaluate fundraising and donor strategy, adjusting as needed, securing multi-year funding.
A28: Reserve Funds | B28: Raise enough money to cover annual affiliate operating expenses, including scholarships. | C28: Accumulate a reserve of 3-9 months all operating expenses. | D28: Accumulate a reserve of 9-12 months all operating expenses, exploring investment opportunities.
A29: STUDENTS
A30: Database Compliance | B30: Register 100% of students by completing the database registration with parent/guardian consent form uploaded. | C30: Establish a system to monitor student documentation throughout the year in database. | D30: Maintain accurate database and ensure compliance.
A31: Student Demographics | B31: Identify gaps in underrepresented local student demographics in the following areas; race, ethnicity, gender, free/reduced lunch. | C31: Create and implement a plan to improve their student demographic profile to reflect that of it local area, targeting underrepresented groups. | D31: Maintain and reflect the local demographic profile in ACE student group.
A32: Student Recruitment & Retention | B32: Create and implement student recruitment and retention plan, encouraging students to participate in ACE National survey. | C32: Track student retention rates and revise plan to increase retention, utilizing student survey results. | D32: Continue to review and revise recruitment and retention strategies, creating student survey to improve affiliate program.
A33: Program | B33: Structure 15-18 week program with a final presentation. | C33: Enrich program with engaging activities, such as guest speakers, construction site visits, job shadowing, and Trades Days. | D33: Align program to provide inclusive and alternative programming.
A34: National Programs | B34: Notify students of National Program opportunities (Externships, Trades Day, Summer Camps, etc.). | C34: Participate in National Program Activities. | D34: Establish a system for tracking student participation in National Program activities.
A35: MENTORS
A36: Registration & Onboarding | B36: Register mentors in the national database with an approved background check and ensure mentors comply with state/county/school volunteer requirements. | C36: Share mentor expectations and onboarding requirements on website and any mentor recruitment materials, while maintaining a system to monitor expired background checks. | D36: Organize mentor onboarding system that is timely and place mentors on appropriate teams, connecting with new mentors before placement during kick-off meeting, virtual call, or personal welcome mail.
A37: Training | B37: Assign affiliate mentor liaison and complete required annual training, providing mentors needed information. | C37: Train and orient all new mentors with a system in place to check on mentor needs. | D37: Create an effective system for supporting mentors, encouraging participation in national mentor trainings, and hosting an annual mentor kick-off/orientation for all mentors.
A38: Appreciation | B38: Thank mentors annually. | C38: Nominate a candidate for the National ENR/ACE Outstanding Mentor Program. | D38: Recognize or spotlight mentors for their contributions and develop effective strategies to maximum mentor retention, including networking opportunities and appreciation events.
A39: Instructional Sessions | B39: Ensure approved mentors attend sessions and implement ACE activities and curriculum over a series of sessions. | C39: Seek guest speakers, plan field trips, and/or unique activities for students with a system to share activities within the affiliate. | D39: Host sessions/opportunities on post-secondary plan and resources, while providing opportunities for mentors to collaborate and share best practices/ struggles/questions through the creation and sharing new hands-on activities for ACE network.
A40: Communications | B40: Maintain a list of active mentors. | C40: Check in with mentors throughout the year. | D40: Survey mentors to evaluate program and modify the program accordingly.
A41: Team Diversity | B41: Provide sufficient mentors to support student teams. | C41: Create a balanced team of professionals from A-E-C fields to provide effective ratio of mentors to student. | D41: Develop recruitment plan that leads to a strong network of diverse mentors, reflecting the demographic and interests of students in the affiliate.
A42: Team Leaders | B42: Register team leaders and provide access to student team in database. | C42: Train new team leaders, and team leaders regularly use the database to track student and mentor compliance and attendance. | D42: Host annual meeting with all team leaders, and have a system to provide support to new team leaders, while encouraging mentors to take lead mentor positions and rotate leader positions as needed.
A43: SCHOLARSHIPS
A44: Award Program | B44: Establish a scholarship program and implement objective criteria for selecting recipients. | C44: Increase funding sources to enhance award amounts and ensure sustainability in meeting short and long-term award goals. | D44: Establish sustainable long-term funding sources, with multi-year awards, including alumni, promoting diversity among award recipients, and consistently provide support to scholarship recipients throughout their academic journey.
A45: Database Compliance | B45: Setup system for following ACE National criteria for the selection and tracking of awards and restricted funds. | C45: Create ongoing system to including reminding students and tracking forfeitures. | D45: Record award recipients in ACE National database.
A46: Student Tools/Resources | B46: Inform students about national scholarship opportunities. | C46: Inform students of scholarship opportunities using student tools and resources. | D46: Inform students of local and national scholarships opportunities.
A47: HS EXTERNSHIPS
A48: Externship Opportunities | B48: Coordinate placing students into local and/or national offered positions, tracking student externships. | C48: Secure local opportunities. | D48: Establish a formal externship program with yearly growth metrics.
A49: Summer Opportunities | B49: Inform ACE students about summer opportunities, including summer camps. | C49: Identify and share local summer opportunities. | D49: Establish partnership(s) and/or financial support for summer opportunities.
A50: ALUMNI
A51: Communication & Tracking | B51: Encourage seniors to register as alumni in the National database. | C51: Establish a process to stay in contact with alumni, tracking alumni's employment information. | D51: Alumni regularly update their information in the National database and come back as ACE mentors.
A52: Engagement & Support | B52: Highlight and share alumni success stories. | C52: Create alumni committee to oversee alumni communications and support. | D52: Share national alumni resources and develop affiliate resources for alumni.
A53: Events | B53: Invite alumni to attend affiliate events. | C53: Invite alumni to speak at affiliate events. | D53: Host alumni focused networking and professional development events.
A54: Transformative Partners Program (TPP) | B54: Share TPP information with seniors and prospective TPP mentors. | C54: Recommend mentee/mentor matches for TPP. | D54: Invite local TPP participants to affiliate events.
A55: Scholarships | B55: Share out national alumni scholarship opportunities. | C55: Establish a process for keeping in touch with scholarship winners. | D55: Develop local alumni scholarship program.
A56: Internship Program | B56: Direct alumni to ACE Job Board and encourage them to report internships in the national database. | C56: Help alumni secure local and national internship opportunities. | D56: Establish a formal internship program for alumni with yearly growth metrics.

Sheet Affiliate At-a-Glance
B1: Assessment
A2: Board Members
A3: Board Information | B3: ='Affiliate Matrix'!F3 -> 0
A4: Expectations | B4: ='Affiliate Matrix'!F4 -> 0
A5: Conflict of Interest Documentation | B5: ='Affiliate Matrix'!F5 -> 0
A6: Program Documentation | B6: ='Affiliate Matrix'!F6 -> 0
A7: By-laws Documentation | B7: ='Affiliate Matrix'!F7 -> 0
A8: Members | B8: ='Affiliate Matrix'!F8 -> 0
A9: Meetings & Roles | B9: ='Affiliate Matrix'!F9 -> 0
A10: Strategic Plan | B10: ='Affiliate Matrix'!F10 -> 0
A11: Members List | B11: ='Affiliate Matrix'!F11 -> 0
A12: Board Administration
A13: Admin/Staff | B13: ='Affiliate Matrix'!F13 -> 0
A14: Database | B14: ='Affiliate Matrix'!F14 -> 0
A15: Communications | B15: ='Affiliate Matrix'!F15 -> 0
A16: Compliance | B16: ='Affiliate Matrix'!F16 -> 0
A17: Social Media | B17: ='Affiliate Matrix'!F17 -> 0
A18: National Webinars & Meetings | B18: ='Affiliate Matrix'!F18 -> 0
A19: Board Committees
A20: Committee Types | B20: ='Affiliate Matrix'!F20 -> 0
A21: Committee Goals | B21: ='Affiliate Matrix'!F21 -> 0
A22: Board or Committee Members
A23: Budget & Fundraising
A24: Financial | B24: ='Affiliate Matrix'!F24 -> 0
A25: Financial Documentation | B25: ='Affiliate Matrix'!F25 -> 0
A26: Financial Accountability | B26: ='Affiliate Matrix'!F26 -> 0
A27: Fundraising | B27: ='Affiliate Matrix'!F27 -> 0
A28: Reserve Funds | B28: ='Affiliate Matrix'!F28 -> 0
A29: Students
A30: Database Compliance | B30: ='Affiliate Matrix'!F30 -> 0
A31: Student Demographics | B31: ='Affiliate Matrix'!F31 -> 0
A32: Student Recruitment & Retention | B32: ='Affiliate Matrix'!F32 -> 0
A33: Program | B33: ='Affiliate Matrix'!F33 -> 0
A34: National Programs | B34: ='Affiliate Matrix'!F34 -> 0
A35: Mentors
A36: Registration & Onboarding | B36: ='Affiliate Matrix'!F36 -> 0
A37: Training | B37: ='Affiliate Matrix'!F37 -> 0
A38: Appreciation | B38: ='Affiliate Matrix'!F38 -> 0
A39: Instructional Sessions | B39: ='Affiliate Matrix'!F39 -> 0
A40: Touchpoint | B40: ='Affiliate Matrix'!F40 -> 0
A41: Team Diversity | B41: ='Affiliate Matrix'!F41 -> 0
A42: Team Leaders | B42: ='Affiliate Matrix'!F42 -> 0
A43: Scholarships
A44: Award Program | B44: ='Affiliate Matrix'!F44 -> 0
A45: Criteria | B45: ='Affiliate Matrix'!F45 -> 0
A46: Student Tools/Resources | B46: ='Affiliate Matrix'!F46 -> 0
A47: HS Externships
A48: Externship Opportunities | B48: ='Affiliate Matrix'!F48 -> 0
A49: Summer Opportunities | B49: ='Affiliate Matrix'!F49 -> 0
A50: Alumni
A51: Communication & Tracking | B51: ='Affiliate Matrix'!F51 -> 0
A52: Engagement & Support | B52: ='Affiliate Matrix'!F52 -> 0
A53: Events | B53: ='Affiliate Matrix'!F53 -> 0
A54: Transformative Partners Program (TPP) | B54: ='Affiliate Matrix'!F54 -> 0
A55: Scholarships | B55: ='Affiliate Matrix'!F55 -> 0
A56: Internship Program | B56: ='Affiliate Matrix'!F56 -> 0
